 Dungeon Crawl Stone Soup version 0.30-a0-578-gdee14c521f (webtiles) character file.

Game seed: 1864853765112264561

290 Crownlay the Charlatan (level 6, -1/44 HPs)
             Began as a Gnoll Wanderer on Dec 31, 2022.
             Killed by nerve-wracking pain
             ... invoked by an orc priest
              (14 damage)
             ... on level 3 of the Dungeon.
             The game lasted 00:03:54 (1934 turns).

Crownlay the Charlatan (Gnoll Wanderer)             Turns: 1934, Time: 00:03:55

Health: -1/44      AC:  5    Str: 20    XL:     6   Next: 32%
Magic:  9/9        EV: 11    Int: 11    God:
Gold:   115        SH:  0    Dex: 11    Spells: 9/9 levels left

rFire   + . .      SeeInvis .    a - +2 spear
rCold   . . .      Faith    .    (no shield)
rNeg    . . .      Spirit   .    e - +0 leather armour
rPois   .          Reflect  .    (no helmet)
rElec   .          Harm     .    f - +1 cloak {Stlth+}
rCorr   .          Rampage  .    (no gloves)
Will    .....                    (no boots)
Stlth   +++                      p - amulet of the acrobat
HPRegen 0.27/turn                h - +6 ring of strength
MPRegen 0.11/turn                k - ring of protection from fire

@: no status effects
A: fangs 1, strong nose, distributed training
a: no special abilities


You were on level 3 of the Dungeon.
You visited 1 branch of the dungeon, and saw 3 of its levels.

You collected 115 gold pieces.

Inventory:

Hand Weapons
 a - a +2 spear (weapon)
 b - a +0 short sword
Armour
 e - a +0 leather armour (worn)
 f - a +1 cloak of stealth (worn)
Jewellery
 h - a +6 ring of strength (left hand)
 k - a ring of protection from fire (right hand)
 p - an amulet of the acrobat (around neck)
Wands
 m - a wand of paralysis (9)
Scrolls
 i - a scroll of teleportation
 l - a scroll of noise {unknown}
Potions
 d - a potion of attraction
 g - a potion of degeneration
 j - 2 potions of flight
 o - a potion of might {unknown}
Miscellaneous
 c - a piece from Xom's chessboard (15/15) (quivered)


   Skills:
 + Level 2.0 Fighting
 + Level 6.8 Short Blades
 + Level 2.0 Long Blades
 + Level 2.0 Axes
 + Level 2.0 Maces & Flails
 + Level 5.0 Polearms
 + Level 2.0 Staves
 + Level 2.0 Ranged Weapons
 + Level 2.0 Throwing
 + Level 3.2 Armour
 + Level 2.0 Dodging
 + Level 3.1 Stealth
 + Level 2.0 Shields
 + Level 2.0 Unarmed Combat
 + Level 2.0 Spellcasting
 + Level 1.5 Conjurations
 + Level 1.5 Hexes
 + Level 1.5 Summonings
 + Level 1.5 Necromancy
 + Level 1.5 Translocations
 + Level 1.5 Transmutations
 + Level 1.5 Fire Magic
 + Level 1.5 Ice Magic
 + Level 1.5 Air Magic
 + Level 1.5 Earth Magic
 + Level 1.5 Poison Magic
 + Level 2.2 Invocations
 + Level 6.8 Evocations


You had 9 spell levels left.
You didn't know any spells.
Your spell library was empty.

Dungeon Overview and Level Annotations

Branches:
Dungeon (3/15)

Altars:


Innate Abilities, Weirdness & Mutations

You have very sharp teeth.
Your uncanny sense of smell can sniff out nearby items.
Your experience applies equally to all skills.


Message History

You hit the orc.
The orc is severely wounded.
You hear a shout!
The orc closely misses you.
You puncture the orc!
You kill the orc!
An orc comes into view. It is wielding a +0 flail.
You hit the orc.
The orc is severely wounded.
The orc misses you.
You hit the orc.
You kill the orc!
You hit the orc. You bite the orc, but do no damage.
The orc is severely wounded.
You barely miss the orc.
The orc is heavily wounded.
You barely miss the orc. You punch the orc, but do no damage.
The orc is heavily wounded.
The orc barely misses you.
You closely miss the orc.
The orc is heavily wounded.
The orc completely misses you.
The orc priest calls down the wrath of Beogh upon you.
Pain shoots through your body!
You barely miss the orc.
The orc is heavily wounded.
The orc hits you with a +0 flail! The orc priest hits you with a +0 whip.
You are too injured to fight recklessly!
You are too injured to fight recklessly!
You are too injured to fight recklessly!
You are too injured to fight recklessly!
You hit the orc.
You kill the orc!
The orc priest hits you with a +0 whip.
* * * LOW HITPOINT WARNING * * *
You puncture the orc priest!
The orc priest is heavily wounded.
The orc priest calls down the wrath of Beogh upon you.
Pain shoots through your body!
You die...

........###.#
.#.###...##)########
.......#........(...
.#.###...##.....)...
...####.###...##### .
[#.. .......).######...
.#<####.###...[....."..
.#...............##...
..<..<........##@#
##.######.#..###)o......
#.# #.#..# ####.##.# #..
.....# # .... !..... ∆
#.### #.##. ##. .# ## #
##


You could see an orc priest.

Vanquished Creatures
  Sigmund (D:3)
  Crazy Yiuf (D:2)
  3 adders (D:2)
  A worm (D:2)
  4 dart slugs
  5 orcs (D:3)
  3 ball pythons
  5 bats
  3 endoplasms
  3 giant cockroaches
  3 goblins
  4 hobgoblins
  7 jackals
  3 kobolds
  3 quokkas
  4 frilled lizards
  6 rats
59 creatures vanquished.

Vanquished Creatures (others)
  A fungus (D:2)
  4 plants (D:3)
5 creatures vanquished.

Grand Total: 64 creatures vanquished

Notes
Turn   | Place    | Note
-------+----------+-------------------------------------------
     0 | D:1      | Crownlay the Gnoll Wanderer began the quest for the Orb.
     0 | D:1      | Crownlay set off with the following items: a +2 spear, a +0
                  | short sword, a piece from Xom's chessboard (15/15), a
                  | potion of attraction, a +0 leather armour.
     0 | D:1      | Reached XP level 1. HP: 13/13 MP: 1/1
    61 | D:1      | Reached XP level 2. HP: 18/19 MP: 2/2
   428 | D:1      | Reached XP level 3. HP: 25/25 MP: 3/3
   763 | D:2      | Reached skill level 1 in Invocations
   806 | D:2      | Reached skill level 1 in Fighting
   806 | D:2      | Reached skill level 1 in Long Blades
   806 | D:2      | Reached skill level 1 in Axes
   806 | D:2      | Reached skill level 1 in Maces & Flails
   806 | D:2      | Reached skill level 1 in Staves
   806 | D:2      | Reached skill level 1 in Ranged Weapons
   806 | D:2      | Reached skill level 1 in Throwing
   806 | D:2      | Reached skill level 1 in Dodging
   806 | D:2      | Reached skill level 1 in Shields
   806 | D:2      | Reached skill level 1 in Unarmed Combat
   806 | D:2      | Reached skill level 1 in Spellcasting
   815 | D:2      | Found a faded altar of an unknown god.
   884 | D:2      | Reached XP level 4. HP: 30/32 MP: 5/5
  1207 | D:2      | Reached skill level 1 in Conjurations
  1207 | D:2      | Reached skill level 1 in Hexes
  1207 | D:2      | Reached skill level 1 in Summonings
  1207 | D:2      | Reached skill level 1 in Necromancy
  1207 | D:2      | Reached skill level 1 in Translocations
  1207 | D:2      | Reached skill level 1 in Transmutations
  1207 | D:2      | Reached skill level 1 in Fire Magic
  1207 | D:2      | Reached skill level 1 in Ice Magic
  1207 | D:2      | Reached skill level 1 in Air Magic
  1207 | D:2      | Reached skill level 1 in Earth Magic
  1207 | D:2      | Reached skill level 1 in Poison Magic
  1505 | D:2      | Found a runed translucent door.
  1509 | D:2      | Noticed Crazy Yiuf
  1522 | D:2      | Killed Crazy Yiuf
  1760 | D:2      | Reached XP level 5. HP: 37/37 MP: 7/7
  1787 | D:3      | Noticed Sigmund
  1885 | D:3      | Killed Sigmund
  1886 | D:3      | Reached skill level 5 in Polearms
  1886 | D:3      | Reached XP level 6. HP: 25/44 MP: 7/9
  1934 | D:3      | Killed from afar by an orc priest

Illustrated notes

Levels and vault maps discovered:
D:1:      dpeg_arrival_round_b, layout_rooms, serial_curves, eino_curves_04,
          eino_curves_01, minmay_misc_feat_cross, nicolae_figureground_sparkle
D:2:      layout_basic, shapermc_ecumenical_altar_acropolis,
          uniq_crazy_yiuf_cottage
D:3:      layout_loops_ring, serial_bayou_lagoon_a, uniq_terence, uniq_sigmund

Skill      XL: |  1  2  3  4  5 |
---------------+----------------+-----
Invocations    | 1 2 |  2.2
Fighting       | 1 2 |  2.0
Long Blades    | 1 2 |  2.0
Axes           | 1 2 |  2.0
Maces & Flails | 1 2 |  2.0
Staves         | 1 2 |  2.0
Ranged Weapons | 1 2 |  2.0
Throwing       | 1 2 |  2.0
Dodging        | 1 2 |  2.0
Shields        | 1 2 |  2.0
Unarmed Combat | 1 2 |  2.0
Spellcasting   | 1 2 |  2.0
Conjurations   | 1 |  1.5
Hexes          | 1 |  1.5
Summonings     | 1 |  1.5
Necromancy     | 1 |  1.5
Translocations | 1 |  1.5
Transmutations | 1 |  1.5
Fire Magic     | 1 |  1.5
Ice Magic      | 1 |  1.5
Air Magic      | 1 |  1.5
Earth Magic    | 1 |  1.5
Poison Magic   | 1 |  1.5
Polearms       | 5 |  5.0
Armour         | 3 |  3.2
Stealth        | 3 |  3.1
Short Blades   | |  6.8
Evocations     | |  6.8

Action                   |  1- 3 |  4- 6 || total
-------------------------+-------+-------++-------
Melee: Spear             |   106 |   107 ||   213
       Bite              |     5 |     7 ||    12
       Punch             |     1 |     1 ||     2
Evoke: Piece from Xom's  |       |     1 ||     1
  Use: Scroll            |       |     3 ||     3
       Potion            |       |     1 ||     1
 Stab: Sleeping          |     2 |     7 ||     9
       Distracted        |       |     1 ||     1
       Petrified         |       |     9 ||     9
Armor: Leather armour    |    25 |     7 ||    32
Dodge: Dodged            |    37 |    36 ||    73

Table legend: (Time is in decaauts)
 A = Elapsed time spent in this place.
 B = Non-inter-level travel time spent in this place.
 C = Inter-level travel time spent in this place.
 D = Time resting spent in this place.
 E = Time spent auto-exploring this place.
 F = Levels seen in this place.
 G = Mean time per level.
                   A        B        C        D        E       F      G
               +--------+--------+--------+--------+--------+-----+--------+
         Total |   1905 |   1870 |     35 |      0 |   1456 |   3 |  635.0 |
       Dungeon |   1905 |   1870 |     35 |      0 |   1456 |   3 |  635.0 |
               +--------+--------+--------+--------+--------+-----+--------+

Top non-repeatable levels by time:
     D:2: 1081 daAuts
     D:1: 674 daAuts
     D:3: 149 daAuts
